Sasquatch vs Atomiques
Created - February 28, 2019 at 07:23
Goals
|
| Sasquatch |
0 |
3 |
2 |
5 |
| Atomiques |
3 |
3 |
1 |
7 |
|
Shots
|
| Sasquatch |
11 |
15 |
9 |
35 |
| Atomiques |
10 |
12 |
7 |
29 |
|
1st period
1. Atomiques , Jack Skille 26 (Tyler Brenner 29) at 1:55
2. Atomiques , Ryan Shannon 27 (Dwight King 37) at 2:05
3. Atomiques , Ryan Shannon 28 (Dwight King 38, Rickard Rakell 36) at 4:41
Penalties :
Ryan Shannon (STB) for Roughing (Minor) at 9:51
2nd period
4. Sasquatch , Matt Halischuk 26 (Patrick Wey 27) at 0:30
5. Atomiques , Dwight King 26 (Rickard Rakell 37, Ryan Shannon 42) at 7:20
6. Atomiques , Bobby Farnham 10 (Jacob De La Rose 5) at 10:36
7. Sasquatch , Dougie Hamilton 16 (Unassisted) at 12:07
8. Atomiques , Matt Tennyson 7 (Ryan Shannon 43, Dwight King 39) at 12:28 (PP)
9. Sasquatch , Drew Shore 30 (Jesper Fast 38, Dougie Hamilton 58) at 13:15
Penalties :
Ryan Shannon (STB) for Hooking (Minor) at 1:38, Drew Shore (Gat) for Tripping (Minor) at 12:11, Brett Pesce (Gat) for Interference (Minor) at 16:04
3rd period
10. Atomiques , Ryan Shannon 29 (Dwight King 40, Rasmus Ristolainen 59) at 2:57 (PP)
11. Sasquatch , Jesper Fast 26 (Drew Shore 50, Jeff Skinner 31) at 4:34
12. Sasquatch , Jesper Fast 27 (Slava Voynov 25, Brock Trotter 24) at 16:18
Penalties :
Brock Trotter (Gat) for Holding (Minor) at 2:45, Rasmus Ristolainen (STB) for Fighting (Major) at 3:08, Patrick Wey (Gat) for Fighting (Major) at 3:08, Ryan Shannon (STB) for High sticking (Minor) at 8:52, Dwight King (STB) for Hooking (Minor) at 17:17
Goalie Stats
Joonas Korpisalo (Gat), 11 saves from 14 shots - (0.786), L, 17-10-2, 32:40 minutes
Corey Crawford (Gat), 11 saves from 15 shots - (0.733), 27:20 minutes
Jake Allen (STB), 30 saves from 35 shots - (0.857), W, 14-23-6, 60:00 minutes
Players Stats for Sasquatch
Player Name G A P +/- PIM S H SB GA TA FO MP PP MP PK MP
------------------------------------------------------------------------------------
Brett Pesce 0 0 0 -3 2 0 0 1 0 0 0/0 10:45 0:00 0:00
Brock Trotter 0 1 1 -1 2 5 1 0 2 1 0/0 15:22 3:31 0:06
David Desharnais 0 0 0 -1 0 0 0 0 0 0 0/1 7:36 0:00 0:00
Devin Shore 0 0 0 -1 0 4 0 1 1 0 3/9 15:01 3:31 0:00
Dougie Hamilton 1 1 2 1 0 1 0 1 1 0 0/0 29:28 3:33 1:49
Drew Shore 1 1 2 3 2 2 1 2 1 0 21/32 22:53 4:14 1:35
Jeff Skinner 0 1 1 3 0 2 2 0 0 0 1/1 20:46 4:17 0:00
Jesper Fast 2 1 3 3 0 6 2 0 1 0 0/1 20:51 4:17 0:00
Josh Morrissey 0 0 0 -3 0 0 1 1 0 0 0/0 16:50 3:11 0:00
Martin Marincin 0 0 0 2 0 2 0 1 0 1 0/0 16:20 1:05 0:39
Matt Halischuk 1 0 1 -1 0 5 1 0 0 0 0/0 16:29 3:31 0:00
Nicolas Deslauriers 0 0 0 -1 0 0 0 0 0 0 1/1 10:08 0:08 1:50
Patrick Wey 0 1 1 1 5 2 4 0 0 1 0/0 26:57 4:24 1:49
Petr Straka 0 0 0 -1 0 2 1 0 0 1 2/2 13:11 0:08 0:37
Sergey Kalinin 0 0 0 -1 0 2 2 0 1 0 10/16 14:27 0:11 0:24
Slava Voynov 0 1 1 2 0 1 0 0 1 0 0/0 19:11 3:39 0:39
Sven Andrighetto 0 0 0 -1 0 0 1 0 0 1 0/0 7:58 0:00 0:00
Teemu Hartikainen 0 0 0 -2 0 1 2 0 1 0 0/0 13:14 0:00 0:24
Players Stats for Atomiques
Player Name G A P +/- PIM S H SB GA TA FO MP PP MP PK MP
------------------------------------------------------------------------------------
Anthony Nigro 0 0 0 0 0 0 1 0 0 0 3/7 10:40 0:00 0:00
Bobby Farnham 1 0 1 1 0 2 1 0 0 0 0/0 6:49 0:00 0:00
Brock McGinn 0 0 0 0 0 1 0 0 0 2 1/1 10:40 0:00 0:00
Carl Dahlstrom 0 0 0 2 0 0 0 2 0 0 0/0 4:56 0:00 0:00
Colby Cohen 0 0 0 2 0 0 1 1 0 1 0/0 20:36 0:44 3:11
Corey Tropp 0 0 0 0 0 1 1 0 0 0 0/0 10:40 0:00 0:00
Dalton Smith 0 0 0 1 0 2 1 0 1 0 0/0 6:49 0:00 0:00
Dwight King 1 4 5 1 2 2 1 0 2 1 1/3 22:18 1:51 3:08
Eric Gustafsson 0 0 0 0 0 1 1 1 0 0 0/0 10:39 0:00 0:00
Eric Mestery 0 0 0 0 0 0 0 0 0 0 0/0 0:00 0:00 0:00
Jack Skille 1 0 1 -2 0 3 0 0 0 0 2/3 15:16 0:37 0:22
Jacob De La Rose 0 1 1 1 0 1 0 0 0 0 1/3 6:49 0:00 0:00
John Draeger 0 0 0 -1 0 0 0 2 0 1 0/0 12:09 0:00 0:00
Joseph Cramarossa 0 0 0 0 0 0 0 0 0 0 0/0 0:00 0:00 0:00
Kenndal McArdle 0 0 0 -2 0 2 2 0 0 0 1/1 16:20 0:37 0:57
Lucas Wallmark 0 0 0 0 0 0 0 0 0 0 0/0 1:05 0:00 0:36
Matt Tennyson 1 0 1 -2 0 1 0 2 0 2 0/0 28:57 1:44 4:45
Max McCormick 0 0 0 0 0 0 0 0 0 0 1/2 3:38 0:00 3:08
Mike Halmo 0 0 0 0 0 0 0 0 0 0 0/1 4:05 0:00 3:42
Mitch Callahan 0 0 0 0 0 0 0 0 0 0 0/0 0:08 0:00 0:00
Rasmus Ristolainen 0 1 1 -3 5 3 0 2 0 1 0/0 22:06 1:44 4:45
Rickard Rakell 0 2 2 1 0 3 1 0 0 0 10/33 21:38 1:51 2:57
Ryan Shannon 3 2 5 1 6 5 1 0 1 0 2/3 20:11 1:51 1:02
Tyler Brenner 0 1 1 -2 0 2 2 0 1 0 3/6 14:54 0:37 0:00
Wiley Sherman 0 0 0 2 0 0 0 1 0 1 0/0 20:36 0:44 3:11
3 Stars
1 - Ryan Shannon (STB)
2 - Jesper Fast (Gat)
3 - Dwight King (STB)
Power Play
Sasquatch - 0 on 4 Attempt(s) - 0.00%
Atomiques - 2 on 3 Attempt(s) - 66.67%
Penalty Kill
Sasquatch - 1 on 3 Attempt(s) - 33.33%
- Score 0 goal in Penalty Kill
Atomiques - 4 on 4 Attempt(s) - 100.00%
- Score 0 goal in Penalty Kill
Team Stat
Sasquatch - Hits : 18 - Faceoff Wins : 38 - Blocked Shots : 7 - Penalty Minutes : 11
Atomiques - Hits : 13 - Faceoff Wins : 25 - Blocked Shots : 11 - Penalty Minutes : 13
Official
Referees : Unknown
Linesman : Unknown
Game Notes
Joonas Korpisalo enters game at 7:20 of 2nd period
12:07 of 2nd period - Penalty Shot by Dougie Hamilton for Sasquatch - Goal!
12:28 of 2nd period - Atomiques goal is going for a video replay. After video review, Goal.
Ryan Shannon has scored a Hat Trick!
Rasmus Ristolainen and Patrick Wey fight to a draw at 3:08 of 3rd period
Finance
Level 1 -- Attendance: 1563 (78.15%) -- Ticket Income $62,520
Level 2 -- Attendance: 775 (77.50%) -- Ticket Income $15,500
Total Attendance: 2338 (77.93%)
Total Ticket Income: $78,020
Other Income: $3,901
Total Income: $81,921
Sasquatch
5 vs 5 Forward
Center Left Wing Right Wing Time % Phy DF OF
1 Drew Shore Jeff Skinner Jesper Fast 40 1 2 2
2 Sergey Kalinin Teemu Hartikainen Matt Halischuk 30 1 2 2
3 Devin Shore Brock Trotter Petr Straka 20 1 2 2
4 David Desharnais Nicolas Deslauriers Sven Andrighetto 10 1 2 2
5 vs 5 Defense
Defense Defense Time % Phy DF OF
1 Patrick Wey Dougie Hamilton 40 1 2 2
2 Martin Marincin Slava Voynov 30 1 2 2
3 Josh Morrissey Brett Pesce 20 1 2 2
4 Patrick Wey Dougie Hamilton 10 1 2 2
PowerPlay Forward
Center Left Wing Right Wing Time % Phy DF OF
1 Drew Shore Jeff Skinner Jesper Fast 60 1 2 2
2 Devin Shore Brock Trotter Matt Halischuk 40 1 2 2
PowerPlay Defense
Defense Defense Time % Phy DF OF
1 Patrick Wey Dougie Hamilton 60 1 2 2
2 Josh Morrissey Slava Voynov 40 1 2 2
Penalty Kill 4 Players Forward
Center Wing Time % Phy DF OF
1 Drew Shore Nicolas Deslauriers 60 1 2 2
2 Sergey Kalinin Teemu Hartikainen 40 1 2 2
Penalty Kill 4 Players Defense
Defense Defense Time % Phy DF OF
1 Patrick Wey Dougie Hamilton 60 1 2 2
2 Martin Marincin Slava Voynov 40 1 2 2
Penalty Kill - 3 Players Forward
Forward Time % Phy DF OF
1 Drew Shore 60 1 2 2
2 Sergey Kalinin 40 1 2 2
Penalty Kill - 3 Players Defense
Defense Defense Time % Phy DF OF
1 Patrick Wey Dougie Hamilton 60 1 2 2
2 Martin Marincin Slava Voynov 40 1 2 2
4 vs 4 Forward
Center Wing Time % Phy DF OF
1 Drew Shore Jeff Skinner 60 1 2 2
2 David Desharnais Jesper Fast 40 1 2 2
4 vs 4 Defense
Defense Defense Time % Phy DF OF
1 Patrick Wey Dougie Hamilton 60 1 2 2
2 Martin Marincin Slava Voynov 40 1 2 2
Last Minutes Offensive
Center Left Wing Right Wing Defense Defense
Drew Shore Jeff Skinner Matt Halischuk Patrick Wey Dougie Hamilton
Last Minutes Defensive
Center Left Wing Right Wing Defense Defense
Drew Shore Teemu Hartikainen Matt Halischuk Patrick Wey Dougie Hamilton
Goaltenders
Starting : Corey Crawford
Backup : Joonas Korpisalo
Extra Forwards
Normal : Sergey Kalinin, Devin Shore, Petr Straka - PP : Sergey Kalinin, Devin Shore - PK : Petr Straka
Extra Defensemen
Normal : Josh Morrissey, Brett Pesce, Martin Marincin - PP : Josh Morrissey - PK : Brett Pesce, Martin Marincin
Penalty Shots
Jeff Skinner, Devin Shore, Matt Halischuk, Petr Straka, Brock Trotter
Scratches
Ryan Dzingel (Healthy), T.J. Tynan (Healthy), Ty Rattie (Healthy), Andrew Campbell (Healthy), Cal Petersen (Healthy)
Atomiques
5 vs 5 Forward
Center Left Wing Right Wing Time % Phy DF OF
1 Rickard Rakell Dwight King Ryan Shannon 40 1 2 2
2 Tyler Brenner Kenndal McArdle Jack Skille 30 1 2 2
3 Anthony Nigro Brock McGinn Corey Tropp 20 1 2 2
4 Jacob De La Rose Dalton Smith Bobby Farnham 10 1 2 2
5 vs 5 Defense
Defense Defense Time % Phy DF OF
1 Matt Tennyson Rasmus Ristolainen 40 1 2 2
2 Colby Cohen Wiley Sherman 30 1 2 2
3 John Draeger Eric Gustafsson 20 1 2 2
4 Carl Dahlstrom Matt Tennyson 10 1 2 2
PowerPlay Forward
Center Left Wing Right Wing Time % Phy DF OF
1 Rickard Rakell Dwight King Ryan Shannon 60 1 2 2
2 Tyler Brenner Kenndal McArdle Jack Skille 40 1 2 2
PowerPlay Defense
Defense Defense Time % Phy DF OF
1 Matt Tennyson Rasmus Ristolainen 60 1 2 2
2 Colby Cohen Wiley Sherman 40 1 2 2
Penalty Kill 4 Players Forward
Center Wing Time % Phy DF OF
1 Dwight King Ryan Shannon 60 1 2 2
2 Rickard Rakell Jack Skille 40 1 2 2
Penalty Kill 4 Players Defense
Defense Defense Time % Phy DF OF
1 Matt Tennyson Rasmus Ristolainen 60 1 2 2
2 Colby Cohen Wiley Sherman 40 1 2 2
Penalty Kill - 3 Players Forward
Forward Time % Phy DF OF
1 Dwight King 60 1 2 2
2 Ryan Shannon 40 1 2 2
Penalty Kill - 3 Players Defense
Defense Defense Time % Phy DF OF
1 Matt Tennyson Rasmus Ristolainen 60 1 2 2
2 Colby Cohen Wiley Sherman 40 1 2 2
4 vs 4 Forward
Center Wing Time % Phy DF OF
1 Dwight King Ryan Shannon 60 1 2 2
2 Rickard Rakell Jack Skille 40 1 2 2
4 vs 4 Defense
Defense Defense Time % Phy DF OF
1 Matt Tennyson Rasmus Ristolainen 60 1 2 2
2 Colby Cohen Wiley Sherman 40 1 2 2
Last Minutes Offensive
Center Left Wing Right Wing Defense Defense
Rickard Rakell Dwight King Ryan Shannon Matt Tennyson Rasmus Ristolainen
Last Minutes Defensive
Center Left Wing Right Wing Defense Defense
Rickard Rakell Dwight King Ryan Shannon Matt Tennyson Rasmus Ristolainen
Goaltenders
Starting : Jake Allen
Backup : Jeff Frazee
Extra Forwards
Normal : Mitch Callahan, Mike Halmo, Max McCormick - PP : Mitch Callahan, Mike Halmo - PK : Max McCormick
Extra Defensemen
Normal : John Draeger, Eric Gustafsson, Carl Dahlstrom - PP : John Draeger - PK : Eric Gustafsson, Carl Dahlstrom
Penalty Shots
Dwight King, Ryan Shannon, Rickard Rakell, Jack Skille, Kenndal McArdle
Scratches
Francois Tremblay (Healthy)
% Time on Ice - Sasquatch
Lines # - Real PCT - Wanted PCT - Time Play
Normal Forward
1 - 36% - 40% - 17:41
2 - 26% - 30% - 12:58
3 - 23% - 20% - 11:21
4 - 15% - 10% - 7:36
Normal Defense
1 - 42% - 40% - 20:48
2 - 30% - 30% - 14:53
3 - 20% - 20% - 9:51
4 - 8% - 10% - 4:04
PP Forward
1 - 56% - 60% - 4:25
2 - 44% - 40% - 3:31
PP Defense
1 - 54% - 60% - 4:17
2 - 46% - 40% - 3:39
PK Forward
1 - 84% - 60% - 2:04
2 - 16% - 40% - 0:24
PK Defense
1 - 74% - 60% - 1:49
2 - 26% - 40% - 0:39
PK3 Forward
1 - 0% - 60%
2 - 0% - 40%
PK3 Defense
1 - 0% - 60%
2 - 0% - 40%
44 Forward
1 - 0% - 60%
2 - 0% - 40%
44 Defense
1 - 0% - 60%
2 - 0% - 40%
Last Minute Offensive - 0:00
Last Minute Defensive - 0:00
Total
Forward - 60:00
Defense - 60:00
|
% Time on Ice - Atomiques
Lines # - Real PCT - Wanted PCT - Time Play
Normal Forward
1 - 36% - 40% - 17:50
2 - 29% - 30% - 14:17
3 - 22% - 20% - 10:40
4 - 14% - 10% - 6:49
Normal Defense
1 - 37% - 40% - 18:12
2 - 34% - 30% - 16:41
3 - 21% - 20% - 10:27
4 - 9% - 10% - 4:16
PP Forward
1 - 75% - 60% - 1:51
2 - 25% - 40% - 0:37
PP Defense
1 - 70% - 60% - 1:44
2 - 30% - 40% - 0:44
PK Forward
1 - 95% - 60% - 7:34
2 - 5% - 40% - 0:22
PK Defense
1 - 60% - 60% - 4:45
2 - 40% - 40% - 3:11
PK3 Forward
1 - 0% - 60%
2 - 0% - 40%
PK3 Defense
1 - 0% - 60%
2 - 0% - 40%
44 Forward
1 - 0% - 60%
2 - 0% - 40%
44 Defense
1 - 0% - 60%
2 - 0% - 40%
Last Minute Offensive - 0:00
Last Minute Defensive - 0:00
Total
Forward - 60:00
Defense - 60:00
|
Play-by-Play
1st period
0:01 of 1st period - Rickard Rakell wins face-off versus Drew Shore in neutral zone.
0:26 of 1st period - Matt Tennyson is hit by Patrick Wey and loses puck.
1:27 of 1st period - Snap shot by Brock Trotter.
1:27 of 1st period - Stopped by Jake Allen with a rebound.
1:29 of 1st period - Slapshot by Martin Marincin.
1:29 of 1st period - Stopped by Jake Allen without a rebound.
1:30 of 1st period - Drew Shore wins face-off versus Jacob De La Rose in Atomiques zone.
1:39 of 1st period - Snap shot by Eric Gustafsson.
1:39 of 1st period - Stopped by Corey Crawford with a rebound.
1:55 of 1st period - Snap shot by Jack Skille.
1:55 of 1st period - Goal by Jack Skille - Sasquatch : 0 - Atomiques : 1.
1:56 of 1st period - Sergey Kalinin wins face-off versus Rickard Rakell in neutral zone.
2:05 of 1st period - Wrist shot by Ryan Shannon.
2:05 of 1st period - Goal by Ryan Shannon - Sasquatch : 0 - Atomiques : 2.
2:06 of 1st period - Anthony Nigro wins face-off versus Drew Shore in neutral zone.
2:13 of 1st period - Backhand shot by Corey Tropp.
2:13 of 1st period - Shot Blocked by Drew Shore.
2:32 of 1st period - Dwight King is hit by Patrick Wey and loses puck.
2:43 of 1st period - Wrist shot by Matt Halischuk.
2:43 of 1st period - Stopped by Jake Allen without a rebound.
2:44 of 1st period - Nicolas Deslauriers wins face-off versus Jack Skille in Atomiques zone.
2:59 of 1st period - Snap shot by Nicolas Deslauriers.
2:59 of 1st period - Shot Blocked by John Draeger.
3:36 of 1st period - Matt Tennyson is hit by Patrick Wey and loses puck.
3:43 of 1st period - Wrist shot by Matt Halischuk.
3:43 of 1st period - Shot Blocked by Rasmus Ristolainen.
3:53 of 1st period - Martin Marincin is hit by Bobby Farnham and loses puck.
3:59 of 1st period - Off-side.
4:00 of 1st period - Kenndal McArdle wins face-off versus Drew Shore in neutral zone.
4:33 of 1st period - Icing by Josh Morrissey.
4:34 of 1st period - Rickard Rakell wins face-off versus Sergey Kalinin in Sasquatch zone.
4:41 of 1st period - Snap shot by Dwight King.
4:41 of 1st period - Deflect By Ryan Shannon.
4:41 of 1st period - Goal by Ryan Shannon - Sasquatch : 0 - Atomiques : 3.
4:42 of 1st period - Tyler Brenner wins face-off versus Drew Shore in neutral zone.
4:50 of 1st period - Off-side.
4:51 of 1st period - Jack Skille wins face-off versus Drew Shore in neutral zone.
4:56 of 1st period - Wrist shot by Tyler Brenner.
4:56 of 1st period - Stopped by Corey Crawford with a rebound.
5:36 of 1st period - Snap shot by Jeff Skinner.
5:36 of 1st period - Stopped by Jake Allen with a rebound.
5:59 of 1st period - Jesper Fast is hit by Tyler Brenner and loses puck.
6:49 of 1st period - Snap shot by Jack Skille.
6:49 of 1st period - Stopped by Corey Crawford without a rebound.
6:50 of 1st period - Rickard Rakell wins face-off versus Sergey Kalinin in Sasquatch zone.
6:51 of 1st period - Wrist shot by Ryan Shannon.
6:51 of 1st period - Deflect By Rickard Rakell.
6:51 of 1st period - Shot Misses the Net.
6:51 of 1st period - Puck is out of play.
6:52 of 1st period - Sergey Kalinin wins face-off versus Rickard Rakell in Sasquatch zone.
7:17 of 1st period - Corey Tropp is hit by Petr Straka and loses puck.
7:42 of 1st period - Martin Marincin is hit by Dalton Smith and loses puck.
8:32 of 1st period - Slapshot by Dalton Smith.
8:32 of 1st period - Stopped by Corey Crawford without a rebound.
8:33 of 1st period - Jacob De La Rose wins face-off versus David Desharnais in Sasquatch zone.
8:36 of 1st period - Slapshot by Eric Gustafsson.
8:36 of 1st period - Deflect By Dalton Smith.
8:36 of 1st period - Stopped by Corey Crawford without a rebound.
8:37 of 1st period - Sergey Kalinin wins face-off versus Rickard Rakell in Sasquatch zone.
8:51 of 1st period - Slapshot by Matt Halischuk.
8:51 of 1st period - Stopped by Jake Allen with a rebound.
8:53 of 1st period - Slapshot by Dougie Hamilton.
8:53 of 1st period - Shot Blocked by Carl Dahlstrom.
9:03 of 1st period - Dougie Hamilton is hit by Corey Tropp and loses puck.
9:12 of 1st period - Wrist shot by Corey Tropp.
9:12 of 1st period - Shot Misses the Net.
9:14 of 1st period - Slapshot by Corey Tropp.
9:14 of 1st period - Shot Blocked by Dougie Hamilton.
9:34 of 1st period - Snap shot by David Desharnais.
9:34 of 1st period - Shot Blocked by John Draeger.
9:36 of 1st period - Slapshot by Dougie Hamilton.
9:36 of 1st period - Deflect By Sven Andrighetto.
9:36 of 1st period - Shot Misses the Net.
9:36 of 1st period - Puck is out of play.
9:37 of 1st period - Sergey Kalinin wins face-off versus Rickard Rakell in Atomiques zone.
9:44 of 1st period - Slapshot by Matt Halischuk.
9:44 of 1st period - Shot Blocked by Colby Cohen.
9:48 of 1st period - Snap shot by Teemu Hartikainen.
9:48 of 1st period - Stopped by Jake Allen without a rebound.
9:49 of 1st period - Rickard Rakell wins face-off versus Sergey Kalinin in Atomiques zone.
9:51 of 1st period - Minor Penalty to Ryan Shannon for Roughing.
9:52 of 1st period - Drew Shore wins face-off versus Dwight King in Atomiques zone.
10:30 of 1st period - Wiley Sherman is hit by Matt Halischuk and loses puck.
11:51 of 1st period - Penalty to Ryan Shannon is over, Ryan Shannon is back on ice.
11:51 of 1st period - Dwight King is hit by Josh Morrissey and loses puck.
12:27 of 1st period - Brett Pesce is hit by Kenndal McArdle and loses puck.
12:32 of 1st period - Backhand shot by Tyler Brenner.
12:32 of 1st period - Stopped by Corey Crawford with a rebound.
12:34 of 1st period - Snap shot by Tyler Brenner.
12:34 of 1st period - Shot Blocked by Devin Shore.
12:36 of 1st period - Slapshot by Kenndal McArdle.
12:36 of 1st period - Stopped by Corey Crawford with a rebound.
13:58 of 1st period - Matt Tennyson is hit by Patrick Wey and loses puck.
14:24 of 1st period - Snap shot by Drew Shore.
14:24 of 1st period - Deflect By Jesper Fast.
14:24 of 1st period - Shot Blocked by Eric Gustafsson.
14:24 of 1st period - Puck is out of play.
14:25 of 1st period - Rickard Rakell wins face-off versus Devin Shore in Atomiques zone.
14:57 of 1st period - Colby Cohen is hit by Jesper Fast.
15:23 of 1st period - Matt Tennyson is hit by Sergey Kalinin and loses puck.
17:03 of 1st period - Jesper Fast is hit by Dwight King and loses puck.
17:22 of 1st period - Snap shot by Corey Tropp.
17:22 of 1st period - Shot Misses the Net.
17:30 of 1st period - Josh Morrissey is hit by Eric Gustafsson and loses puck.
18:44 of 1st period - Snap shot by Dwight King.
18:44 of 1st period - Shot Misses the Net.
18:54 of 1st period - Matt Tennyson is hit by Sergey Kalinin and loses puck.
18:59 of 1st period - Snap shot by Sergey Kalinin.
18:59 of 1st period - Stopped by Jake Allen with a rebound.
19:01 of 1st period - Backhand shot by Matt Halischuk.
19:01 of 1st period - Stopped by Jake Allen with a rebound.
19:03 of 1st period - Wrist shot by Martin Marincin.
19:03 of 1st period - Stopped by Jake Allen without a rebound.
19:04 of 1st period - Ryan Shannon wins face-off versus Devin Shore in Atomiques zone.
19:15 of 1st period - Slapshot by Devin Shore.
19:15 of 1st period - Stopped by Jake Allen without a rebound.
19:16 of 1st period - Drew Shore wins face-off versus Ryan Shannon in Atomiques zone.
19:41 of 1st period - Icing by Teemu Hartikainen.
19:42 of 1st period - Sergey Kalinin wins face-off versus Tyler Brenner in Sasquatch zone.
19:57 of 1st period - Wrist shot by Matt Halischuk.
19:57 of 1st period - Stopped by Jake Allen with a rebound.
Goals for this period are 0 for Sasquatch vs 3 for Atomiques.
Shots for this period are 11 for Sasquatch vs 10 for Atomiques.
2nd period
0:01 of 2nd period - Rickard Rakell wins face-off versus Drew Shore in neutral zone.
0:30 of 2nd period - Snap shot by Matt Halischuk.
0:30 of 2nd period - Goal by Matt Halischuk - Sasquatch : 1 - Atomiques : 3.
0:31 of 2nd period - Drew Shore wins face-off versus Rickard Rakell in neutral zone.
0:38 of 2nd period - Snap shot by Rasmus Ristolainen.
0:38 of 2nd period - Stopped by Corey Crawford with a rebound.
0:40 of 2nd period - Slapshot by Rasmus Ristolainen.
0:40 of 2nd period - Shot Misses the Net.
1:19 of 2nd period - Slapshot by Brock Trotter.
1:19 of 2nd period - Stopped by Jake Allen with a rebound.
1:21 of 2nd period - Slapshot by Brock Trotter.
1:21 of 2nd period - Stopped by Jake Allen with a rebound.
1:23 of 2nd period - Slapshot by Dougie Hamilton.
1:23 of 2nd period - Deflect By Petr Straka.
1:23 of 2nd period - Shot Misses the Net.
1:23 of 2nd period - Puck is out of play.
1:24 of 2nd period - Drew Shore wins face-off versus Rickard Rakell in Atomiques zone.
1:38 of 2nd period - Minor Penalty to Ryan Shannon for Hooking.
1:39 of 2nd period - Drew Shore wins face-off versus Dwight King in Atomiques zone.
2:11 of 2nd period - Slapshot by Patrick Wey.
2:11 of 2nd period - Stopped by Jake Allen with a rebound.
2:13 of 2nd period - Slapshot by Dougie Hamilton.
2:13 of 2nd period - Deflect By Rasmus Ristolainen.
2:13 of 2nd period - Stopped by Jake Allen without a rebound.
2:14 of 2nd period - Drew Shore wins face-off versus Mike Halmo in Atomiques zone.
2:51 of 2nd period - Snap shot by Drew Shore.
2:51 of 2nd period - Shot Hit the Post.
3:38 of 2nd period - Penalty to Ryan Shannon is over, Ryan Shannon is back on ice.
3:47 of 2nd period - Mike Halmo is hit by Sven Andrighetto and loses puck.
4:05 of 2nd period - Matt Halischuk is hit by Kenndal McArdle and loses puck.
4:10 of 2nd period - Slapshot by Kenndal McArdle.
4:10 of 2nd period - Stopped by Corey Crawford without a rebound.
4:11 of 2nd period - Jack Skille wins face-off versus Devin Shore in Sasquatch zone.
4:54 of 2nd period - Kenndal McArdle is hit by Teemu Hartikainen.
5:53 of 2nd period - Carl Dahlstrom is hit by Jesper Fast and loses puck.
6:02 of 2nd period - Wrist shot by Jesper Fast.
6:02 of 2nd period - Shot Blocked by Matt Tennyson.
6:19 of 2nd period - Snap shot by Drew Shore.
6:19 of 2nd period - Shot Blocked by Carl Dahlstrom.
6:44 of 2nd period - Snap shot by Ryan Shannon.
6:44 of 2nd period - Shot Misses the Net.
6:46 of 2nd period - Wrist shot by Rickard Rakell.
6:46 of 2nd period - Stopped by Corey Crawford with a rebound.
6:48 of 2nd period - Snap shot by Ryan Shannon.
6:48 of 2nd period - Stopped by Corey Crawford without a rebound.
6:49 of 2nd period - Sergey Kalinin wins face-off versus Rickard Rakell in Sasquatch zone.
7:18 of 2nd period - Backhand shot by Dwight King.
7:18 of 2nd period - Shot Hit the Post.
7:20 of 2nd period - Snap shot by Dwight King.
7:20 of 2nd period - Goal by Dwight King - Sasquatch : 1 - Atomiques : 4.
7:20 of 2nd period - Joonas Korpisalo enters game.
7:21 of 2nd period - Sergey Kalinin wins face-off versus Rickard Rakell in neutral zone.
7:29 of 2nd period - Slapshot by Rasmus Ristolainen.
7:29 of 2nd period - Shot Misses the Net.
7:31 of 2nd period - Slapshot by Rickard Rakell.
7:31 of 2nd period - Stopped by Joonas Korpisalo with a rebound.
7:45 of 2nd period - Kenndal McArdle is hit by Jeff Skinner and loses puck.
9:19 of 2nd period - Backhand shot by Jeff Skinner.
9:19 of 2nd period - Stopped by Jake Allen with a rebound.
9:21 of 2nd period - Slapshot by Martin Marincin.
9:21 of 2nd period - Shot Misses the Net.
9:23 of 2nd period - Slapshot by Slava Voynov.
9:23 of 2nd period - Deflect By Rasmus Ristolainen.
9:23 of 2nd period - Stopped by Jake Allen without a rebound.
9:24 of 2nd period - Brock McGinn wins face-off versus Devin Shore in Atomiques zone.
9:24 of 2nd period - Brock McGinn is hit by Brock Trotter.
9:51 of 2nd period - Jesper Fast is hit by Rickard Rakell and loses puck.
10:34 of 2nd period - Backhand shot by Bobby Farnham.
10:34 of 2nd period - Shot Misses the Net.
10:36 of 2nd period - Snap shot by Bobby Farnham.
10:36 of 2nd period - Goal by Bobby Farnham - Sasquatch : 1 - Atomiques : 5.
10:37 of 2nd period - Drew Shore wins face-off versus Rickard Rakell in neutral zone.
10:53 of 2nd period - Slapshot by Rasmus Ristolainen.
10:53 of 2nd period - Deflect By Dwight King.
10:53 of 2nd period - Shot Blocked by Martin Marincin.
10:53 of 2nd period - Puck is out of play.
10:54 of 2nd period - Tyler Brenner wins face-off versus Sergey Kalinin in Sasquatch zone.
10:55 of 2nd period - Snap shot by Rasmus Ristolainen.
10:55 of 2nd period - Stopped by Joonas Korpisalo without a rebound.
10:56 of 2nd period - Sergey Kalinin wins face-off versus Tyler Brenner in Sasquatch zone.
11:21 of 2nd period - Icing by Matt Tennyson.
11:22 of 2nd period - Rickard Rakell wins face-off versus Drew Shore in Atomiques zone.
11:31 of 2nd period - Snap shot by Ryan Shannon.
11:31 of 2nd period - Stopped by Joonas Korpisalo without a rebound.
11:32 of 2nd period - Jeff Skinner wins face-off versus Rickard Rakell in Sasquatch zone.
11:45 of 2nd period - Wrist shot by Jesper Fast.
11:45 of 2nd period - Stopped by Jake Allen without a rebound.
11:46 of 2nd period - Sergey Kalinin wins face-off versus Rickard Rakell in Atomiques zone.
12:07 of 2nd period - Penalty Shot by Dougie Hamilton for Sasquatch.
12:07 of 2nd period - Wrist shot by Dougie Hamilton.
12:07 of 2nd period - Goal by Dougie Hamilton - Sasquatch : 2 - Atomiques : 5.
12:08 of 2nd period - Dwight King wins face-off versus Jesper Fast in neutral zone.
12:09 of 2nd period - Drew Shore wins face-off versus Rickard Rakell in Sasquatch zone.
12:11 of 2nd period - Minor Penalty to Drew Shore for Tripping.
12:12 of 2nd period - Petr Straka wins face-off versus Rickard Rakell in Sasquatch zone.
12:22 of 2nd period - Wrist shot by Ryan Shannon.
12:22 of 2nd period - Shot Misses the Net.
12:26 of 2nd period - Wrist shot by Ryan Shannon.
12:26 of 2nd period - Shot Misses the Net.
12:28 of 2nd period - Slapshot by Matt Tennyson.
12:28 of 2nd period - Atomiques goal is going for a video replay.
12:28 of 2nd period - The goal is good.
12:28 of 2nd period - Goal by Matt Tennyson - Sasquatch : 2 - Atomiques : 6.
12:29 of 2nd period - Drew Shore wins face-off versus Rickard Rakell in neutral zone.
12:37 of 2nd period - Slapshot by Dougie Hamilton.
12:37 of 2nd period - Deflect By Jesper Fast.
12:37 of 2nd period - Stopped by Jake Allen without a rebound.
12:38 of 2nd period - Ryan Shannon wins face-off versus Drew Shore in Atomiques zone.
13:13 of 2nd period - Slapshot by Jesper Fast.
13:13 of 2nd period - Shot Misses the Net.
13:15 of 2nd period - Snap shot by Drew Shore.
13:15 of 2nd period - Goal by Drew Shore - Sasquatch : 3 - Atomiques : 6.
13:16 of 2nd period - Tyler Brenner wins face-off versus Sergey Kalinin in neutral zone.
13:46 of 2nd period - Wrist shot by Jesper Fast.
13:46 of 2nd period - Stopped by Jake Allen with a rebound.
13:59 of 2nd period - Off-side.
14:00 of 2nd period - Devin Shore wins face-off versus Anthony Nigro in neutral zone.
14:15 of 2nd period - Devin Shore is hit by Anthony Nigro and loses puck.
14:56 of 2nd period - Wrist shot by Brock Trotter.
14:56 of 2nd period - Deflect By Devin Shore.
14:56 of 2nd period - Stopped by Jake Allen with a rebound.
14:58 of 2nd period - Snap shot by Brock Trotter.
14:58 of 2nd period - Shot Blocked by Wiley Sherman.
15:00 of 2nd period - Snap shot by Devin Shore.
15:00 of 2nd period - Shot Misses the Net.
15:04 of 2nd period - Wrist shot by Brock Trotter.
15:04 of 2nd period - Deflect By Devin Shore.
15:04 of 2nd period - Stopped by Jake Allen with a rebound.
15:06 of 2nd period - Slapshot by Petr Straka.
15:06 of 2nd period - Stopped by Jake Allen with a rebound.
15:08 of 2nd period - Snap shot by Devin Shore.
15:08 of 2nd period - Shot Misses the Net.
15:10 of 2nd period - Wrist shot by Brock Trotter.
15:10 of 2nd period - Deflect By Petr Straka.
15:10 of 2nd period - Shot Misses the Net.
15:10 of 2nd period - Puck is out of play.
15:11 of 2nd period - Drew Shore wins face-off versus Tyler Brenner in Atomiques zone.
16:04 of 2nd period - Minor Penalty to Brett Pesce for Interference.
16:05 of 2nd period - Drew Shore wins face-off versus Rickard Rakell in Sasquatch zone.
16:15 of 2nd period - Off-side.
16:16 of 2nd period - Rickard Rakell wins face-off versus Drew Shore in neutral zone.
16:23 of 2nd period - Wrist shot by Drew Shore.
16:23 of 2nd period - Deflect By Nicolas Deslauriers.
16:23 of 2nd period - Shot Blocked by Rasmus Ristolainen.
16:23 of 2nd period - Puck is out of play.
16:24 of 2nd period - Drew Shore wins face-off versus Rickard Rakell in Atomiques zone.
16:33 of 2nd period - Snap shot by Rasmus Ristolainen.
16:33 of 2nd period - Stopped by Joonas Korpisalo with a rebound.
16:47 of 2nd period - Snap shot by Rasmus Ristolainen.
16:47 of 2nd period - Shot Hit the Post.
16:54 of 2nd period - Icing by Dwight King.
16:55 of 2nd period - Drew Shore wins face-off versus Rickard Rakell in Atomiques zone.
18:04 of 2nd period - Penalty to Brett Pesce is over, Brett Pesce is back on ice.
18:12 of 2nd period - Snap shot by Bobby Farnham.
18:12 of 2nd period - Stopped by Joonas Korpisalo without a rebound.
18:13 of 2nd period - Sergey Kalinin wins face-off versus Jacob De La Rose in Sasquatch zone.
19:34 of 2nd period - Slapshot by Dougie Hamilton.
19:34 of 2nd period - Shot Hit the Post.
19:36 of 2nd period - Slapshot by Patrick Wey.
19:36 of 2nd period - Stopped by Jake Allen with a rebound.
Goals for this period are 3 for Sasquatch vs 3 for Atomiques.
Shots for this period are 15 for Sasquatch vs 12 for Atomiques.
3rd period
0:01 of 3rd period - Drew Shore wins face-off versus Rickard Rakell in neutral zone.
0:47 of 3rd period - Slapshot by Rasmus Ristolainen.
0:47 of 3rd period - Deflect By Corey Tropp.
0:47 of 3rd period - Stopped by Joonas Korpisalo without a rebound.
0:48 of 3rd period - Petr Straka wins face-off versus Anthony Nigro in Sasquatch zone.
0:53 of 3rd period - Slapshot by Martin Marincin.
0:53 of 3rd period - Shot Misses the Net.
1:25 of 3rd period - Wrist shot by Drew Shore.
1:25 of 3rd period - Stopped by Jake Allen with a rebound.
2:23 of 3rd period - Snap shot by Brock McGinn.
2:23 of 3rd period - Stopped by Joonas Korpisalo without a rebound.
2:24 of 3rd period - Rickard Rakell wins face-off versus Devin Shore in Sasquatch zone.
2:45 of 3rd period - Minor Penalty to Brock Trotter for Holding.
2:46 of 3rd period - Rickard Rakell wins face-off versus Drew Shore in Sasquatch zone.
2:57 of 3rd period - Snap shot by Ryan Shannon.
2:57 of 3rd period - Goal by Ryan Shannon - Sasquatch : 3 - Atomiques : 7.
2:58 of 3rd period - Drew Shore wins face-off versus Rickard Rakell in neutral zone.
3:08 of 3rd period - Rasmus Ristolainen and Patrick Wey fight to a draw.
3:08 of 3rd period - Penalty to Rasmus Ristolainen for Fighting.
3:08 of 3rd period - Penalty to Patrick Wey for Fighting.
3:09 of 3rd period - Drew Shore wins face-off versus Rickard Rakell in Atomiques zone.
4:20 of 3rd period - Snap shot by Ryan Shannon.
4:20 of 3rd period - Deflect By Rickard Rakell.
4:20 of 3rd period - Stopped by Joonas Korpisalo without a rebound.
4:21 of 3rd period - Drew Shore wins face-off versus Rickard Rakell in Sasquatch zone.
4:32 of 3rd period - Snap shot by Jesper Fast.
4:32 of 3rd period - Stopped by Jake Allen with a rebound.
4:34 of 3rd period - Snap shot by Jesper Fast.
4:34 of 3rd period - Goal by Jesper Fast - Sasquatch : 4 - Atomiques : 7.
4:35 of 3rd period - Drew Shore wins face-off versus Rickard Rakell in neutral zone.
7:06 of 3rd period - Snap shot by Bobby Farnham.
7:06 of 3rd period - Shot Blocked by Drew Shore.
7:16 of 3rd period - Wrist shot by Matt Tennyson.
7:16 of 3rd period - Shot Blocked by Brett Pesce.
7:18 of 3rd period - Snap shot by Jacob De La Rose.
7:18 of 3rd period - Stopped by Joonas Korpisalo with a rebound.
7:55 of 3rd period - Tyler Brenner is hit by Drew Shore and loses puck.
8:08 of 3rd period - Colby Cohen is hit by Teemu Hartikainen.
8:14 of 3rd period - Dougie Hamilton is hit by Colby Cohen and loses puck.
8:52 of 3rd period - Minor Penalty to Ryan Shannon for High sticking.
8:53 of 3rd period - Max McCormick wins face-off versus Drew Shore in Atomiques zone.
10:52 of 3rd period - Penalty to Ryan Shannon is over, Ryan Shannon is back on ice.
10:52 of 3rd period - Wrist shot by Sergey Kalinin.
10:52 of 3rd period - Stopped by Jake Allen without a rebound.
10:53 of 3rd period - Anthony Nigro wins face-off versus Sergey Kalinin in Atomiques zone.
11:06 of 3rd period - Wrist shot by Anthony Nigro.
11:06 of 3rd period - Shot Misses the Net.
12:16 of 3rd period - Patrick Wey is hit by Tyler Brenner and loses puck.
12:54 of 3rd period - Slapshot by Jeff Skinner.
12:54 of 3rd period - Shot Misses the Net.
12:56 of 3rd period - Slapshot by Brett Pesce.
12:56 of 3rd period - Shot Misses the Net.
13:06 of 3rd period - Wrist shot by Devin Shore.
13:06 of 3rd period - Deflect By Petr Straka.
13:06 of 3rd period - Stopped by Jake Allen without a rebound.
13:07 of 3rd period - Devin Shore wins face-off versus Anthony Nigro in Atomiques zone.
13:08 of 3rd period - Snap shot by Brock Trotter.
13:08 of 3rd period - Deflect By Petr Straka.
13:08 of 3rd period - Shot Misses the Net.
13:08 of 3rd period - Puck is out of play.
13:09 of 3rd period - Anthony Nigro wins face-off versus Devin Shore in Atomiques zone.
13:29 of 3rd period - Wrist shot by Brock Trotter.
13:29 of 3rd period - Stopped by Jake Allen without a rebound.
13:30 of 3rd period - Drew Shore wins face-off versus Rickard Rakell in Atomiques zone.
14:23 of 3rd period - Slapshot by Devin Shore.
14:23 of 3rd period - Stopped by Jake Allen with a rebound.
14:37 of 3rd period - Matt Tennyson is hit by Jeff Skinner and loses puck.
14:46 of 3rd period - Slapshot by Rasmus Ristolainen.
14:46 of 3rd period - Shot Blocked by Josh Morrissey.
15:56 of 3rd period - Wrist shot by Brock Trotter.
15:56 of 3rd period - Stopped by Jake Allen with a rebound.
16:18 of 3rd period - Snap shot by Jesper Fast.
16:18 of 3rd period - Deflect By Eric Gustafsson.
16:18 of 3rd period - Goal by Jesper Fast - Sasquatch : 5 - Atomiques : 7.
16:19 of 3rd period - Drew Shore wins face-off versus Anthony Nigro in neutral zone.
16:46 of 3rd period - Snap shot by Jack Skille.
16:46 of 3rd period - Stopped by Joonas Korpisalo with a rebound.
17:17 of 3rd period - Minor Penalty to Dwight King for Hooking.
17:18 of 3rd period - Devin Shore wins face-off versus Max McCormick in Atomiques zone.
17:19 of 3rd period - Snap shot by Matt Halischuk.
17:19 of 3rd period - Shot Blocked by Matt Tennyson.
17:40 of 3rd period - Matt Halischuk is hit by Ryan Shannon and loses puck.
19:17 of 3rd period - Penalty to Dwight King is over, Dwight King is back on ice.
19:31 of 3rd period - Wrist shot by Dwight King.
19:31 of 3rd period - Stopped by Joonas Korpisalo with a rebound.
Goals for this period are 2 for Sasquatch vs 1 for Atomiques.
Shots for this period are 9 for Sasquatch vs 7 for Atomiques.
Back to the Top